 Dungeon Crawl Stone Soup version 0.29.0-4-gdea44cf6ec (webtiles) character file.

Game seed: 12706017017100804847

526 qw the Chopper (level 7, -2/41 HPs)
             Began as a Tengu Warper on Aug 28, 2022.
             Slain by an orc priest
             ... wielding a +0 falchion
              (4 damage)
             ... on level 5 of the Dungeon.
             The game lasted 00:00:28 (4501 turns).

qw the Chopper (Tengu Warper)                       Turns: 4501, Time: 00:00:29

Health: -2/41      AC:  5    Str: 14    XL:     7   Next: 23%
Magic:  11/11      EV: 13    Int: 13    God:
Gold:   294        SH:  0    Dex: 13    Spells: 10/10 levels left

rFire   . . .      SeeInvis .   e - +0 war axe
rCold   . . .      Faith    .   (no shield)
rNeg    . . .      Spirit   .   g - +0 ring mail
rPois   .          Reflect  .   (helmet restricted)
rElec   .          Harm     .   (no cloak)
rCorr   .          Rampage  .   (no gloves)
Will    .....                   (boots unavailable)
Stlth   +.........              (no amulet)
HPRegen 0.13/turn               (no ring)
MPRegen 0.12/turn               (no ring)

@: flying quickly and evasively, quick
A: beak, talons 3, nimble flight
a: no special abilities


You were on level 5 of the Dungeon.
You visited 1 branch of the dungeon, and saw 5 of its levels.

You collected 294 gold pieces.


Innate Abilities, Weirdness & Mutations

You have a beak for a mouth.
You have claws for feet.
Your magical nature lets you fly swiftly and evasively.


   Skills:
 - Level 3.4 Fighting
 + Level 7.8 Axes
 - Level 1.0 Throwing
 - Level 1.1 Armour
 - Level 2.1 Dodging
 - Level 2.0 Spellcasting
 - Level 2.4 Translocations


You had 10 spell levels left.
You didn't know any spells.
Your spell library contained the following spells:

 Spells                   Type           Power      Damage    Failure   Level
 Blink                    Tloc           14%        N/A       30%         2
 Gell's Gravitas          Tloc           7%         N/A       52%         3
 Lesser Beckoning         Tloc           7%         N/A       52%         3
 Teleport Other           Tloc           7%         N/A       52%         3
 Manifold Assault         Tloc           7%         N/A       99%         5

Inventory:

Hand Weapons
 c - a +0 whip
 e - a +0 war axe (weapon)
Missiles
 k - 2 javelins (quivered)
Armour
 d - a +0 chain mail
 g - a +0 ring mail (worn)
Scrolls
 b - 2 scrolls of teleportation {unknown}
 h - a scroll of identify
Potions
 f - a potion of haste {unknown}
 i - 2 potions of flight {unknown}
 j - a potion of magic {unknown}

Dungeon Overview and Level Annotations

Branches:
Dungeon (4/15)
 Temple: D:4-7

Altars:
Dithmenos
Hepliaklqana
Trog

Annotations:
D:2 Natasha


Message History

You closely miss the orc. You claw the orc. You peck the orc, but do no damage.
The orc is moderately wounded.
The gnoll hits you from afar with a +0 spear.
The orc closely misses you.
You barely miss the orc. You claw the orc, but do no damage.
The orc is moderately wounded.
The gnoll misses you. The orc misses you.
You closely miss the orc. You claw the orc.
The orc is heavily wounded.
The gnoll hits you from afar with a +0 spear.
The orc barely misses you.
You hit the orc.
You kill the orc!
The gnoll barely misses you.
The gnoll hits you from afar with a +0 spear.
Things that are here:
a +0 dagger; an orc corpse You barely miss the gnoll.
You claw the gnoll, but do no damage. Your peck misses the gnoll.
The gnoll misses you.
The orc priest looks encouraged for a moment.
The gnoll barely misses you.
You slash the gnoll! Your peck misses the gnoll.
The gnoll is severely wounded.
The gnoll hits you with a +0 spear.
You hit the gnoll.
You kill the gnoll!
You barely miss the orc priest. Your kick misses the orc priest.
Your peck misses the orc priest.
The orc priest casts a cantrip, but nothing happens.
You hit the orc priest but do no damage.
Your kick misses the orc priest.
The orc priest hits you but does no damage.
You closely miss the orc priest.
You peck the orc priest, but do no damage.
The orc priest hits you with a +0 falchion.
You hit the orc priest but do no damage.
Your peck misses the orc priest.
The orc priest hits you with a +0 falchion.
You die...

#.#
###.#.#.....
#.#
####.##.....'
#.# #....#
.....# #....#
.....# #....#
.....# ####.#
#)# #)# #@#
#o# #)# #.#
#.# .(# ..#
...


oo.. You could see an orc priest.

Vanquished Creatures
  A black bear (D:5)
  A phantom (D:5)
  An orc priest (D:5)
  2 orc wizards
  Natasha (twice) (D:2)
  Robin (D:3)
  6 adders
  3 gnolls (D:5)
  An ufetubus (D:5)
  2 worms
  4 dart slugs
  7 orcs
  10 ball pythons
  7 endoplasms
  2 giant cockroaches
  17 goblins
  11 hobgoblins
  9 jackals
  2 quokkas (D:1)
  5 bats
  6 frilled lizards
  6 kobolds
  7 rats
113 creatures vanquished.

Vanquished Creatures (others)
  17 plants (D:2)
17 creatures vanquished.

Grand Total: 130 creatures vanquished

Notes
Turn   | Place    | Note
-------+----------+-------------------------------------------
     0 | D:1      | qw the Tengu Warper began the quest for the Orb.
     0 | D:1      | Reached XP level 1. HP: 12/12 MP: 4/4
     0 | D:1      | 0 ||| qw: Version: 0.1-a-89-g26bdef1
     0 | D:1      | 0 ||| qw: Game counter: 1473
     0 | D:1      | 0 ||| qw: Always use a shield: true
     0 | D:1      | 0 ||| qw: God list: Okawaru
     0 | D:1      | 0 ||| qw: Allow faded altars: false
     0 | D:1      | 0 ||| qw: Do Orc after D:15 true
     0 | D:1      | 0 ||| qw: Do second Lair branch before Depths: true
     0 | D:1      | 0 ||| qw: Lair rune preference: random
     0 | D:1      | 0 ||| qw: Plans: Normal
     0 | D:1      | 0 ||| PLANNING D:1-11
    93 | D:1      | 93 ||| Stepping ~*~*~tactically~*~*~ (stealth).
   105 | D:1      | HP: 3/12 [jackal (3)]
   420 | D:1      | 420 ||| Stepping ~*~*~tactically~*~*~ (hiding).
   423 | D:1      | 423 ||| Stepping ~*~*~tactically~*~*~ (hiding).
   429 | D:1      | Reached skill level 3 in Axes
   429 | D:1      | Reached XP level 2. HP: 17/17 MP: 6/6
   583 | D:1      | Found a faded altar of an unknown god.
   742 | D:1      | 742 ||| Stepping ~*~*~tactically~*~*~ (stealth).
   743 | D:1      | 743 ||| Stepping ~*~*~tactically~*~*~ (stealth).
  1121 | D:1      | Reached XP level 3. HP: 21/21 MP: 7/7
  1216 | D:1      | 1216 ||| Stepping ~*~*~tactically~*~*~ (stealth).
  1217 | D:1      | 1217 ||| Stepping ~*~*~tactically~*~*~ (stealth).
  1218 | D:1      | 1218 ||| Stepping ~*~*~tactically~*~*~ (stealth).
  1303 | D:1      | 1303 ||| Stepping ~*~*~tactically~*~*~ (hiding).
  1315 | D:1      | 1315 ||| Stepping ~*~*~tactically~*~*~ (stealth).
  1585 | D:1      | 1585 ||| UPGRADING to +0 ring mail.
  1595 | D:1      | 1595 ||| DROPPING +0 leather armour.
  1596 | D:1      | 1596 ||| READING scroll labelled HEMAUDW RYNA.
  1597 | D:1      | 1597 ||| READING 3 scrolls labelled IRIEZA ITIN.
  1598 | D:1      | 1598 ||| DRINKING 3 pink potions.
  1599 | D:1      | 1599 ||| DROPPING scroll of blinking.
  1600 | D:1      | 1600 ||| DROPPING 2 scrolls of immolation.
  1601 | D:1      | 1601 ||| Stepping randomly (stuck).
  1602 | D:1      | 1602 ||| Stepping ~*~*~tactically~*~*~ (cloud).
  1603 | D:1      | 1603 ||| DRINKING 2 potions of curing.
  1603 | D:1      | 1603 ||| (to cure poison)
  1604 | D:1      | 1604 ||| Stepping randomly (stuck).
  1605 | D:1      | 1605 ||| Stepping ~*~*~tactically~*~*~ (cloud).
  1606 | D:1      | 1606 ||| DRINKING potion of curing.
  1606 | D:1      | 1606 ||| (to cure poison)
  1784 | D:2      | Reached skill level 4 in Axes
  1890 | D:2      | 1890 ||| FLEEEEING.
  1894 | D:2      | 1894 ||| FLEEEEING.
  1896 | D:2      | 1896 ||| FLEEEEING.
  1897 | D:2      | 1897 ||| FLEEEEING.
  1898 | D:2      | 1898 ||| FLEEEEING.
  1899 | D:2      | 1899 ||| FLEEEEING.
  1900 | D:2      | 1900 ||| FLEEEEING.
  1906 | D:2      | 1906 ||| FLEEEEING.
  1907 | D:2      | 1907 ||| FLEEEEING.
  1908 | D:2      | 1908 ||| FLEEEEING.
  1909 | D:2      | 1909 ||| FLEEEEING.
  1910 | D:2      | 1910 ||| FLEEEEING.
  1911 | D:2      | 1911 ||| FLEEEEING.
  1919 | D:2      | 1919 ||| FLEEEEING.
  1920 | D:2      | 1920 ||| FLEEEEING.
  1921 | D:2      | 1921 ||| FLEEEEING.
  1922 | D:2      | 1922 ||| FLEEEEING.
  1930 | D:2      | 1930 ||| STAIRDANCE
  2055 | D:2      | Reached XP level 4. HP: 24/26 MP: 8/8
  2136 | D:2      | 2136 ||| Stepping ~*~*~tactically~*~*~ (stealth).
  2147 | D:2      | Reached skill level 5 in Axes
  2260 | D:2      | 2260 ||| DROPPING +0 club.
  2339 | D:2      | Noticed Natasha
  2343 | D:2      | Killed Natasha
  2361 | D:2      | Gained mutation: Your magical nature lets you fly swiftly
                  | and evasively. [Tengu growth]
  2361 | D:2      | Reached XP level 5. HP: 30/30 MP: 9/9
  2520 | D:2      | Noticed Natasha
  2526 | D:2      | Killed Natasha
  2543 | D:2      | 2543 ||| FLEEEEING.
  2545 | D:2      | 2545 ||| FLEEEEING.
  2546 | D:2      | 2546 ||| FLEEEEING.
  2551 | D:2      | 2551 ||| FLEEEEING.
  2552 | D:2      | 2552 ||| FLEEEEING.
  2554 | D:2      | 2554 ||| FLEEEEING.
  2555 | D:2      | 2555 ||| FLEEEEING.
  2556 | D:2      | 2556 ||| FLEEEEING.
  2567 | D:2      | 2567 ||| FLEEEEING.
  2568 | D:2      | 2568 ||| FLEEEEING.
  2580 | D:2      | Noticed Natasha
  2581 | D:2      | 2581 ||| FLEEEEING.
  2582 | D:2      | 2582 ||| FLEEEEING.
  2583 | D:2      | 2583 ||| FLEEEEING.
  2584 | D:2      | 2584 ||| FLEEEEING.
  2585 | D:2      | 2585 ||| FLEEEEING.
  2586 | D:2      | 2586 ||| FLEEEEING.
  2587 | D:2      | 2587 ||| FLEEEEING.
  2588 | D:2      | 2588 ||| FLEEEEING.
  2589 | D:2      | 2589 ||| FLEEEEING.
  2590 | D:2      | 2590 ||| FLEEEEING.
  2591 | D:2      | 2591 ||| FLEEEEING.
  2592 | D:2      | 2592 ||| FLEEEEING.
  2594 | D:2      | 2594 ||| STAIRDANCE
  2753 | D:1      | 2753 ||| READING scroll labelled XIWICI QINEA.
  2754 | D:1      | 2754 ||| READING scroll labelled YWANOA GAHIFA.
  2890 | D:1      | 2890 ||| DRINKING 2 fuming orange potions.
  2976 | D:2      | Reached skill level 6 in Axes
  3089 | D:2      | 3089 ||| READING scroll labelled VYNTOI HEIMEM.
  3109 | D:3      | 3109 ||| STAIRDANCE
  3155 | D:3      | 3155 ||| Stepping ~*~*~tactically~*~*~ (hiding).
  3227 | D:3      | 3227 ||| Stepping ~*~*~tactically~*~*~ (hiding).
  3338 | D:3      | 3338 ||| Stepping ~*~*~tactically~*~*~ (stealth).
  3394 | D:3      | Reached XP level 6. HP: 33/35 MP: 10/10
  3523 | D:3      | 3523 ||| Stepping ~*~*~tactically~*~*~ (stealth).
  3525 | D:3      | 3525 ||| Stepping ~*~*~tactically~*~*~ (stealth).
  3527 | D:3      | 3527 ||| Stepping ~*~*~tactically~*~*~ (hiding).
  3533 | D:3      | Noticed Robin
  3535 | D:3      | 3535 ||| Stepping ~*~*~tactically~*~*~ (hiding).
  3561 | D:3      | Killed Robin
  3655 | D:3      | 3655 ||| Stepping ~*~*~tactically~*~*~ (hiding).
  4039 | D:3      | 4039 ||| READING scroll labelled JIRI YZARCHUMAPT.
  4040 | D:3      | 4040 ||| READING 2 scrolls of identify.
  4040 | D:3      | 4040 ||| IDENTIFYING murky orange potion
  4041 | D:3      | 4041 ||| DROPPING potion of degeneration.
  4090 | D:4      | Found a shadowy altar of Dithmenos.
  4091 | D:4      | Found a hazy altar of Hepliaklqana.
  4094 | D:4      | Found a bloodstained altar of Trog.
  4163 | D:4      | 4163 ||| Stepping ~*~*~tactically~*~*~ (stealth).
  4170 | D:4      | You are sucked into a shaft and drop 1 floor!
  4170 | D:5      | Entered Level 5 of the Dungeon
  4195 | D:5      | Noticed a black bear
  4201 | D:5      | Killed a black bear
  4202 | D:5      | Reached skill level 7 in Axes
  4428 | D:5      | 4428 ||| SWAPPING to +0 war axe.
  4429 | D:5      | 4429 ||| DROPPING +0 hand axe.
  4466 | D:5      | Reached skill level 3 in Fighting
  4466 | D:5      | Reached XP level 7. HP: 15/41 MP: 11/11
  4472 | D:5      | HP: 7/41 [something/puff of flame (8)]
  4473 | D:5      | 4473 ||| DRINKING 2 potions of heal wounds.
  4484 | D:5      | HP: 9/41 [orc priest/+0 whip (3)]
  4485 | D:5      | 4485 ||| DRINKING potion of heal wounds.
  4493 | D:5      | HP: 8/41 [gnoll/+0 spear (3)]
  4500 | D:5      | HP: 2/41 [orc priest/+0 falchion (4)]
  4501 | D:5      | Slain by an orc priest

Levels and vault maps discovered:
D:1:      saegor_arrival_fortress, layout_loops_corners,
          shapermc_ecumenical_altar_mp_highgroup, minmay_liquid_box,
          minmay_pentomino_v2
D:2:      cheibrodos_greedy_goblins, layout_basic, nicolae_grassy_gnolls,
          uniq_natasha
D:3:      layout_rooms, uniq_robin
D:4:      layout_basic, grunt_temple_overflow_open,
          minmay_temple_entry_butterflies, roderic_roman_lattice,
          grunt_decor_clamped, grunt_decor_junction
D:5:      cheibrodos_two_vegetables, layout_basic, uniq_crazy_yiuf_cottage

Skill      XL: |  1  2  3  4  5  6 |
---------------+-------------------+-----
Axes           | 3 4 5 6 7 |  7.8
Fighting       | 3 |  3.4
Throwing       | |  1.0
Armour         | |  1.1
Dodging        | |  2.1
Spellcasting   | |  2.0
Translocations | |  2.4

Action                   |  1- 3 |  4- 6 |  7- 9 || total
-------------------------+-------+-------+-------++-------
Melee: Hand axe          |    88 |   173 |       ||   261
       Kick              |    13 |    52 |     6 ||    71
       Peck              |    10 |    33 |     3 ||    46
       Punch             |     1 |     1 |       ||     2
       War axe           |       |    14 |    31 ||    45
Throw: Boomerang         |     7 |       |       ||     7
       Javelin           |       |    39 |       ||    39
  Use: Potion            |     3 |     1 |     2 ||     6
       Scroll            |     2 |     5 |       ||     7
Armor: Leather armour    |    13 |       |       ||    13
       Ring mail         |    16 |    57 |     8 ||    81
Dodge: Dodged            |    60 |   110 |    11 ||   181

Table legend:
 A = Non-vault XP
 B = Vault XP
 C = Vault XP percentage of total XP
 D = Non-vault monster count
 E = Vault monster count
 F = Vault count percentage of total count
                 A         B        C        D         E       F
            +---------+---------+-------+---------+---------+-------
      Total |     655 |      97 |  12.9 |      86 |      27 |  23.9
            +---------+---------+-------+---------+---------+-------
        D:1 |      40 |       2 |   4.8 |      22 |       2 |   8.3
        D:2 |     127 |      58 |  31.4 |      24 |      13 |  35.1
        D:3 |      94 |      37 |  28.2 |      22 |      12 |  35.3
        D:4 |       6 |       0 |   0.0 |       4 |       0 |   0.0
        D:5 |     388 |       0 |   0.0 |      14 |       0 |   0.0
            +---------+---------+-------+---------+---------+-------
